 Dungeon Crawl Stone Soup version 0.29-a0-284-gf9362112df (webtiles) character file.

Game seed: 16900214945161404368

913 sokol815 the Conjurer (level 8, -2/46 HPs)
             Began as an Octopode Fire Elementalist on Mar 21, 2022.
             Was an Initiate of Gozag.
             Succumbed to a water moccasin's poison
             ... on level 6 of the Dungeon.
             The game lasted 00:22:32 (7230 turns).

sokol815 the Conjurer (Octopode Fire Elementalist)  Turns: 7230, Time: 00:22:32

Health: -2/46      AC:  1    Str:  7    XL:     8   Next: 9%
Magic:  8/11       EV: 13    Int: 19    God:    Gozag
Gold:   256        SH:  0    Dex: 13    Spells: 5/11 levels left

rFire   . . .      SeeInvis .   a - +2 dagger (freeze)
rCold   . . .      Faith    .   (no shield)
rNeg    . . .      Spirit   .   (helmet restricted)
rPois   .          Reflect  .   k - amulet of magic regeneration
rElec   .          Harm     .   f - ring of flight {+Fly, !d}
rCorr   .          Rampage  .   (no ring)
Will    .....                   (no ring)
Stlth   +++.......              (no ring)
HPRegen 0.15/turn               (no ring)
MPRegen 0.52/turn               (no ring)
                                (no ring)
                                (no ring)

@: lethally poisoned (-2 -> -36), flying, hasted, very quick
A: almost no armour, amphibious, 8 rings, camouflage 1, gelatinous body 1,
(nimble swimmer 1), tentacles
a: Renounce Religion, Potion Petition, Call Merchant, Bribe Branch


You were on level 6 of the Dungeon.
You worshipped Gozag.
Gozag was aware of your devotion.
You visited 2 branches of the dungeon, and saw 7 of its levels.

You collected 517 gold pieces.
You paid 261 gold pieces to Gozag.

Inventory:

Hand Weapons
 a - a +2 dagger of freezing (weapon)
   (You found it on level 4 of the Dungeon)
 c - a +0 dagger
   (You took it off a goblin on level 1 of the Dungeon)
 g - a +2 whip of venom
   (You found it on level 1 of the Dungeon)
 o - a +1 antimagic flail
   (You took it off an orc on level 3 of the Dungeon)
 q - a +2 dagger of venom
   (You took it off a goblin on level 1 of the Dungeon)
 u - a +1 dagger of holy wrath
   (You took it off a goblin on level 4 of the Dungeon)
Missiles
 d - a throwing net {!d}
 i - 6 poisoned darts
 r - 2 boomerangs
 s - 232 stones
Armour
 b - a +0 kite shield
   (You found it on level 3 of the Dungeon)
Magical Staves
 h - a staff of death {rN+}
   (You found it on level 3 of the Dungeon)
 n - a staff of fire {rF+}
   (You found it on level 6 of the Dungeon)
Jewellery
 f - a ring of flight (left tentacle) {+Fly, !d}
   (You found it on level 6 of the Dungeon)
 j - an amulet of the acrobat
   (You found it on level 2 of the Dungeon)
 k - an amulet of magic regeneration (around mantle)
   (You took it off a kobold on level 4 of the Dungeon)
 m - an amulet of faith
   (You found it on level 2 of the Dungeon)
Scrolls
 p - a scroll of amnesia {unknown}
 E - a scroll of fear
 Y - a scroll of teleportation {@r3}
Potions
 e - 3 potions of cancellation
 l - 4 potions of flight {unknown}
 H - a potion of haste
 M - a potion of magic
 P - 2 potions of lignification {!q}
 U - 2 potions of mutation {!q}


   Skills:
 - Level 2.0 Dodging
 - Level 2.6 Stealth
 - Level 2.0 Spellcasting
 * Level 6.9 Conjurations
 - Level 4.8 Fire Magic
 * Level 3.8 Ice Magic


You had 5 spell levels left.
You knew the following spells:

 Your Spells              Type           Power      Damage    Failure   Level
a - Foxfire               Conj/Fire      96%        2x1d8     1%          1
b - Searing Ray           Conj           56%        2d6       1%          2
c - Frozen Ramparts       Ice            32%        1d5       11%         3

Your spell library contained the following spells:

 Spells                   Type           Power      Damage    Failure   Level
 Magic Dart               Conj           100%       1d8       1%          1
 Scorch                   Fire           40%        2d7       3%          2
 Conjure Flame            Conj/Fire      24%        6-21      4%          3
 Flame Wave               Conj/Fire      24%        2d7       14%         4
 Inner Flame              Hex/Fire       11%        N/A       19%         3
 Fulminant Prism          Conj/Hex       7%         3d7       38%         4
 Haunt                    Necr/Summ      0%         N/A       100%        7
 Polar Vortex             Ice            8%         N/A       100%        9


Dungeon Overview and Level Annotations

Branches:
Dungeon (6/15)             Temple (1/1) D:4

Altars:
Ashenzari
Dithmenos
Elyvilon
Fedhas
Gozag
Nemelex Xobeh
Okawaru
Qazlal
Uskayaw
Vehumet
Wu Jian
Zin

Shops:
D:1 :

Annotations:
D:2 exclusion: scorpion
D:5 3 runed translucent doors, sammy202020's ghost, novice GrBe
D:6 exclusion: ugly thing


Innate Abilities, Weirdness & Mutations

You cannot wear most types of armour.
You are amphibious.
You can wear up to eight rings at the same time.
Your skin changes colour to match your surroundings (Stealth+).
Your rubbery body absorbs attacks. (AC +1, EV +1)
((You are camouflaged when in or above water. (Stealth+)))
You have tentacles for arms and can constrict up to eight enemies at once.


Message History

You now have 454 gold pieces (gained 17).
You start resting.
Health restored: 46; MP restored: 11 A phantom comes into view.
The phantom moves out of view.
Aim: a phantom (71% to hit)
The searing ray hits the phantom but does no damage. (Press . to maintain the ray.)
You now have 9/11 mp.
The searing ray hits the phantom.
The phantom closely misses you.
The searing ray hits the phantom.
The phantom closely misses you.
You now have 8/11 mp.
The searing ray hits the phantom.
You finish channelling your searing ray.
The phantom hits you.
The phantom blinks!
You blink.
You take 6 damage, and have 40/46 hp.
Aim: a phantom (heavily damaged, 71% to hit)
The searing ray hits the phantom. (Press . to maintain the ray.)
The phantom hits you.
The phantom blinks!
You blink.
You take 4 damage, and have 36/46 hp.
You now have 6/11 mp.
The phantom barely misses you.
Aim: a phantom (severely damaged, 71% to hit)
The searing ray hits the phantom. (Press . to maintain the ray.)
The phantom hits you.
You take 4 damage, and have 33/46 hp.
You now have 5/11 mp.
The searing ray hits the phantom.
You destroy the phantom!
You now have 460 gold pieces (gained 6).
You start resting.
Health restored: 46; MP restored: 11 A red ugly thing comes into view.
Here: a red ugly thing (asleep)
The floor.
An orc comes into view. It is wielding a +0 hand axe.
You see here a scroll labelled IKHIBIDI BUAL.
p - a scroll labelled IKHIBIDI BUAL The orc shouts!
You hear a shout!
The searing ray hits the orc!
You kill the orc! (Press . to maintain the ray.)
You now have 9/11 mp.
An orc comes into view. It is wielding a +0 club.
The orc moves out of view.
MP restored: 11 You now have 466 gold pieces (gained 6).
You see here a +0 hand axe.
An orc is nearby!
You see here a +0 hand axe.
A water moccasin comes into view.
The water moccasin bites you.
You take 5 damage, and have 41/46 hp.
You hit the water moccasin but do no damage.
You grab the water moccasin. You constrict the water moccasin.
The water moccasin bites you.
You are poisoned.
The water moccasin poisons you!
You take 1 damage, and have 40/46 hp.
Aim: a water moccasin (lightly wounded, constricted by you, 98% to hit)
The searing ray hits the water moccasin! (Press . to maintain the ray.)
You constrict the water moccasin.
You feel very sick. The water moccasin bites you.
You take 5 damage, and have 35/46 hp.
You now have 9/11 mp.
The searing ray hits the water moccasin.
You constrict the water moccasin.
You feel very sick. The water moccasin closely misses you.
The water moccasin bites you.
You are more poisoned.
The water moccasin poisons you!
You take 9 damage, and have 26/46 hp.
The searing ray hits the water moccasin.
You constrict the water moccasin.
You feel very sick. The water moccasin misses you.
You take 6 damage, and have 20/46 hp.
You now have 8/11 mp.
The searing ray hits the water moccasin.
You finish channelling your searing ray.
You constrict the water moccasin.
You feel very sick. The water moccasin bites you.
You are more poisoned.
The water moccasin poisons you! The water moccasin bites you!
* * * LOW HITPOINT WARNING * * *
You take 15 damage, and have 5/46 hp.
MASSIVE DAMAGE!!
Okay, then.
Unknown command. [a] - 696 gold - resistance, might and haste [b] - 200 gold - might and brilliance [c] - 210 gold - haste Purchase which effect?
You no longer have enough gold to petition Gozag for potion effects.
You feel yourself speed up.
You constrict the water moccasin.
You die...
Your body crumbles into a pile of gold.

$ . #. .#. #. #. .#
#. ##. .# #. #.# #.
#. ##.# .# #.
#)##.# #u
#S##.##.#.##.######
#.@...+.+.+........
####.##.#.##.##....
#.##.#.##.#.....
##.#.#.#.##.....
#.#.#.#.##.....
##..#..###.....
##.#.##.......
#......######
########


You could see a water moccasin.

Vanquished Creatures
  An ice beast (D:5)
  A sky beast (D:6)
  A phantom (D:6)
  2 scorpions
  2 necrophages
  An orc priest (D:4)
  2 hounds (D:5)
  3 iguanas
  Ijyb (D:4)
  An orc wizard (D:3)
  8 adders
  A shadow imp (D:6)
  A white imp (D:6)
  An ufetubus (D:4)
  A worm (D:1)
  4 dart slugs
  7 orcs
  6 endoplasms
  2 giant cockroaches
  15 goblins
  6 hobgoblins
  7 jackals
  6 quokkas
  5 ball pythons
  3 bats
  4 frilled lizards
  14 kobolds
  7 rats
  5 bushes (D:1)
118 creatures vanquished.

Vanquished Creatures (others)
  193 foxfires
  4 plants (D:1)
197 creatures vanquished.

Grand Total: 315 creatures vanquished

Notes
Turn   | Place    | Note
-------+----------+-------------------------------------------
     0 | D:1      | sokol815 the Octopode Fire Elementalist began the quest for
                  | the Orb.
     0 | D:1      | Reached XP level 1. HP: 11/11 MP: 3/3
    98 | D:1      | Found Lomuxiul's Book Emporium.
   329 | D:1      | Reached XP level 2. HP: 17/17 MP: 0/5
   589 | D:1      | Reached skill level 2 in Conjurations
  1022 | D:1      | Reached XP level 3. HP: 20/21 MP: 2/6
  1437 | D:2      | Found a faded altar of an unknown god.
  1527 | D:2      | Learned a level 2 spell: Searing Ray
  1849 | D:2      | Noticed a scorpion
  2081 | D:2      | Reached skill level 3 in Conjurations
  2081 | D:2      | Reached XP level 4. HP: 27/27 MP: 3/7
  2329 | D:2      | Found a shadowy altar of Dithmenos.
  3073 | D:3      | Reached skill level 4 in Conjurations
  3073 | D:3      | Reached skill level 4 in Fire Magic
  3073 | D:3      | Reached XP level 5. HP: 31/31 MP: 4/8
  3357 | D:4      | Found a staircase to the Ecumenical Temple.
  3366 | Temple   | Entered the Ecumenical Temple
  3496 | Temple   | Became a worshipper of Gozag Ym Sagoz the Greedy
  3845 | D:4      | HP: 7/31 [poisoned by a scorpion]
  3846 | D:4      | Reached XP level 6. HP: 8/36 MP: 3/9
  4128 | D:4      | Reached skill level 5 in Conjurations
  4617 | D:4      | Identified the +4 ring mail "Jor Finuekh" {rPois rN++
                  | Str+4}
  5318 | D:4      | Noticed Ijyb
  5333 | D:4      | HP: 9/36 [Ijyb/+0 dagger (3)]
  5383 | D:4      | Killed Ijyb
  5565 | D:5      | Entered Level 5 of the Dungeon
  5718 | D:5      | Got the Disquisition on Supportive Ice
  5723 | D:5      | Learned a level 3 spell: Frozen Ramparts
  5726 | D:5      | Noticed an ice beast
  5772 | D:5      | Reached skill level 1 in Ice Magic
  5772 | D:5      | Reached XP level 7. HP: 33/41 MP: 4/10
  5900 | D:5      | Found a runed translucent gate.
  5900 | D:5      | Found a runed translucent gate.
  5901 | D:5      | Found a runed translucent gate.
  5925 | D:5      | Noticed sammy202020's ghost (novice GrBe)
  6073 | D:5      | Reached skill level 6 in Conjurations
  6145 | D:5      | Reached skill level 2 in Ice Magic
  6314 | D:5      | HP: 6/41 [ice beast (5)]
  6780 | D:6      | Reached skill level 3 in Ice Magic
  6896 | D:6      | Reached XP level 8. HP: 19/46 MP: 4/11
  7180 | D:6      | Noticed a red ugly thing
  7229 | D:6      | HP: 5/46 [water moccasin (9)]
  7230 | D:6      | Succumbed to a water moccasin's poison

Illustrated notes

Levels and vault maps discovered:
D:1:      amcnicky_arrival_gap_in_the_tavern_cellar, layout_basic, serial_shops,
          shop, lexackson_kobold_supper
D:2:      layout_basic, nicolae_ecumenical_pavilion, basic_altar
D:3:      layout_rooms
D:4:      kennysheep_the_goblin_king, layout_basic, minmay_temple_entry_trees,
          kennysheep_generic_room_4, uniq_ijyb
D:5:      layout_loops_ring, gammafunk_ghost_icy
D:6:      layout_rooms, minmay_tree_intersection, interstate_on_off,
          guppyfry_early_elven_hall
Temple:   regret_index_temple_generic_petals

Skill      XL: |  1  2  3  4  5  6  7 |
---------------+----------------------+-----
Conjurations   | 2 3 4 5 6 |  6.9
Fire Magic     | 4 |  4.8
Ice Magic      | 1 3 |  3.8
Dodging        | |  2.0
Stealth        | |  2.6
Spellcasting   | |  2.0

Action                   |  1- 3 |  4- 6 |  7- 9 || total
-------------------------+-------+-------+-------++-------
Melee: Dagger            |    32 |    60 |     4 ||    96
       Tentacles         |    74 |     7 |       ||    81
       Constrict         |     8 |     8 |     2 ||    18
       Whip              |   164 |       |       ||   164
       Punch             |     3 |       |       ||     3
 Cast: Foxfire           |    55 |    59 |     1 ||   115
       Searing Ray       |       |    18 |    17 ||    35
Invok: Potion Petition   |       |       |     1 ||     1
  Use: Scroll            |     6 |     6 |       ||    12
       Potion            |     1 |     2 |       ||     3
 Stab: Sleeping          |     1 |     7 |       ||     8
Armor: Skin              |       |    24 |     2 ||    26
Dodge: Dodged            |     8 |    26 |    10 ||    44

Table legend: (Time is in decaauts)
 A = Elapsed time spent in this place.
 B = Non-inter-level travel time spent in this place.
 C = Inter-level travel time spent in this place.
 D = Time resting spent in this place.
 E = Time spent auto-exploring this place.
 F = Levels seen in this place.
 G = Mean time per level.
                   A        B        C        D        E       F      G
               +--------+--------+--------+--------+--------+-----+--------+
         Total |   7248 |   6847 |    401 |   2097 |   3487 |   7 | 1035.4 |
       Dungeon |   7095 |   6725 |    370 |   2097 |   3373 |   6 | 1182.5 |
        Temple |    153 |    122 |     31 |      0 |    114 |   1 |  153.0 |
               +--------+--------+--------+--------+--------+-----+--------+

Top non-repeatable levels by time:
     D:4: 2117 daAuts
     D:1: 1818 daAuts
     D:5: 1094 daAuts
     D:2: 790 daAuts
     D:3: 705 daAuts
     D:6: 568 daAuts
  Temple: 153 daAuts

Table legend:
 A = Kills in this place as a percentage of kills in entire the game.
 B = Kills by you in this place as a percentage of kills by you in the entire game.
 C = Kills by friends in this place as a percentage of kills by friends in the entire game.
 D = Other kills in this place as a percentage of other kills in the entire game.
 E = Experience gained in this place as a percentage of experience gained in the entire game.
 F = Experience gained in this place divided by the number of levels of this place that you have seen.
                   A       B       C       D       E      F
               +-------+-------+-------+-------+-------+----------------------
         Total | 100.0 | 100.0 |   N/A |   N/A | 100.0 | 186.4
       Dungeon | 100.0 | 100.0 |   N/A |   N/A | 100.0 | 217.5
               +-------+-------+-------+-------+-------+----------------------
